[Event "Titled Tuesday Blitz May 9 Early 2023"]
[White "Agibileg, Uurtsaikh"]
[Black "Hadzimanolis, Antonios"]
[WhiteFideId "4901606"]
[BlackFideId "4202813"]
[WhiteElo "2353"]
[BlackElo "2242"]
[Result "1-0"]
[Round "10"]
[TimeControl "180+2"]
[Date "2023.05.09"]
[WhiteClock "0:01:44"]
[BlackClock "0:00:03"]

1. d4 d5 2. c4 e6 3. Nc3 Nf6 4. cxd5 exd5 5. Bg5 c6 6. Qc2 h6 7. Bh4 Be7 8. e3 O-O 9. Bd3 Re8 10. Nge2 Nbd7 11. O-O a5 12. f3 b5 13. Rae1 Ba6 14. Kh1 Nb6 15. e4 dxe4 16. fxe4 Ng4 17. Bxe7 Qxe7 18. Ng3 Qh4 19. h3 Qxg3 20. hxg4 Qxg4 21. Qf2 Qh5+ 22. Kg1 b4 23. Bxa6 bxc3 24. Be2 Qg6 25. bxc3 Re6 26. e5 Nd5 27. Bd3 Qh5 28. Be2 Qg6 29. Qh4 Ne3 30. Rf2 Nf5 31. Qh3 Ng3 32. Bc4 Re7 33. Rf4 h5 34. Kh2 h4 35. Rxh4 Nf5 36. Rh8# 1-0


[Site "https://www.chess.com"]

[Event "Titled Tuesday Blitz May 9 Early 2023"]
[White "Rom, Jasper"]
[Black "Lorenzo De La Riva, Lazaro"]
[WhiteFideId "2023733"]
[BlackFideId "2268809"]
[WhiteElo "2233"]
[BlackElo "2294"]
[Result "0-1"]
[Round "10"]
[TimeControl "180+2"]
[Date "2023.05.09"]
[WhiteClock "0:00:00"]
[BlackClock "0:00:19"]

1. e4 c5 2. Nc3 Nc6 3. f4 g6 4. Nf3 Bg7 5. Bb5 Nd4 6. O-O Nxb5 7. Nxb5 d5 8. d3 a6 9. Nc3 d4 10. Ne2 e6 11. Ng3 Ne7 12. Bd2 b6 13. Qe2 Bb7 14. Rae1 f6 15. c3 Nc6 16. f5 e5 17. Nh4 g5 18. Nf3 Qd7 19. c4 h5 20. h4 g4 21. Nh2 O-O-O 22. a3 Bf8 23. Rb1 a5 24. b3 Qf7 25. Rb2 Kc7 26. Rfb1 Ra8 27. Nhf1 Bd6 28. Qe1 Ra7 29. Ne2 Rb8 30. Nfg3 Bc8 31. Nc1 Bd7 32. Na2 b5 33. a4 bxc4 34. bxc4 Nb4 35. Qd1 Be8 36. Nxb4 axb4 37. Ra1 Rba8 38. Rba2 Ra5 39. Qb3 Qd7 40. Ne2 Rxa4 41. Nc1 Rxa2 42. Rxa2 Rxa2 43. Qxa2 Qa4 44. Qxa4 Bxa4 45. Kf2 Bc2 0-1


[Site "https://www.chess.com"]

[Event "Titled Tuesday Blitz May 9 Early 2023"]
[White "Fernandez Garcia, Gumersindo"]
[Black "Sousa, Andre Ventura"]
[WhiteFideId "24516740"]
[BlackFideId "1917617"]
[WhiteElo "2093"]
[BlackElo "2333"]
[Result "0-1"]
[Round "10"]
[TimeControl "180+2"]
[Date "2023.05.09"]
[WhiteClock "0:00:35"]
[BlackClock "0:01:03"]

1. e4 e5 2. Nf3 Nc6 3. d4 exd4 4. Bc4 Nf6 5. O-O Nxe4 6. Re1 d5 7. Bxd5 Qxd5 8. Nc3 Qd7 9. Nxe4 Be7 10. Nc5 Qd5 11. Nb3 Bg4 12. h3 Bxf3 13. Qxf3 Qxf3 14. gxf3 O-O-O 15. Bf4 Bf6 16. Rad1 Nb4 17. Rd2 b6 18. a3 Nd5 19. Bg3 c5 20. Red1 Rhe8 21. Kf1 h5 22. h4 g5 23. c3 gxh4 24. Bh2 dxc3 25. Rxd5 Rxd5 26. Rxd5 cxb2 27. Rd1 Bc3 28. Bf4 Re1+ 0-1


[Site "https://www.chess.com"]

[Event "Titled Tuesday Blitz May 9 Early 2023"]
[White "Kohler, Aran"]
[Black "Erzhanov, Arman"]
[WhiteFideId "1002856"]
[BlackFideId "4138821"]
[WhiteElo "2384"]
[BlackElo "2138"]
[Result "0-1"]
[Round "10"]
[TimeControl "180+2"]
[Date "2023.05.09"]
[WhiteClock "0:00:27"]
[BlackClock "0:00:50"]

1. e4 d6 2. d4 Nf6 3. Nc3 c6 4. a3 e5 5. dxe5 dxe5 6. Bd3 Qc7 7. h3 Bc5 8. Nf3 O-O 9. O-O h6 10. b4 Be7 11. Be3 Be6 12. Na4 Nbd7 13. c4 Nb6 14. c5 Nc4 15. Bc1 b5 16. cxb6 axb6 17. Bxc4 Bxc4 18. Re1 Rfd8 19. Nd2 b5 20. Nc3 Bxb4 21. Bb2 Bc5 22. Qc1 Bd3 23. Nf3 Nh5 24. Ne2 Bd6 25. Qe3 Bxe2 26. Rxe2 Nf4 27. Rc2 f6 28. Rac1 Ra6 29. Kh2 Rc8 30. g3 Ne6 31. Qb3 Qe7 32. Nh4 Qf7 33. Nf5 Bf8 34. Qf3 g6 35. Nh4 Kh7 36. Qe3 c5 37. f4 Nd4 38. Qf3 Nxf3+ 39. Nxf3 exf4 40. gxf4 Bd6 41. e5 fxe5 42. fxe5 Qxf3 43. exd6 Rxd6 44. Be5 Rd3 45. Rxc5 Rxc5 46. Rxc5 Qf2+ 0-1


[Site "https://www.chess.com"]

[Event "Titled Tuesday Blitz May 9 Early 2023"]
[White "Danielyan, Vahe"]
[Black "Andrews, Todd"]
[WhiteFideId "13304828"]
[BlackFideId "2012456"]
[WhiteElo "2423"]
[BlackElo "2173"]
[Result "0-1"]
[Round "10"]
[TimeControl "180+2"]
[Date "2023.05.09"]
[WhiteClock "0:00:08"]
[BlackClock "0:01:34"]

1. e4 e6 2. d4 d5 3. Nd2 Nc6 4. Nb3 dxe4 5. Bb5 Bd7 6. Ne2 a6 7. Bxc6 Bxc6 8. O-O a5 9. Bf4 a4 10. Nd2 Nf6 11. c4 Bd6 12. Bxd6 Qxd6 13. c5 Qe7 14. Nc4 Nd7 15. Nc3 O-O 16. Qg4 f5 17. Qe2 Bd5 18. Ne3 c6 19. Nexd5 exd5 20. f3 b6 21. cxb6 Nxb6 22. fxe4 fxe4 23. Qg4 Nc4 24. b3 Rxf1+ 25. Rxf1 Ne3 26. Qh5 Nxf1 27. Nxd5 Qf7 0-1


[Site "https://www.chess.com"]

[Event "Titled Tuesday Blitz May 9 Early 2023"]
[White "Goffredo_Fofi"]
[Black "Balint, Vilmos"]
[BlackFideId "718050"]
[WhiteElo "2549"]
[BlackElo "2034"]
[Result "0-1"]
[Round "10"]
[TimeControl "180+2"]
[Date "2023.05.09"]
[WhiteClock "0:00:00"]
[BlackClock "0:01:06"]

1. d4 Nf6 2. Nf3 e6 3. Bf4 d5 4. e3 c5 5. c3 Qb6 6. Qb3 c4 7. Qc2 Bd6 8. Bxd6 Qxd6 9. b3 cxb3 10. axb3 O-O 11. Bd3 h6 12. O-O Nc6 13. c4 Nb4 14. Qe2 Nxd3 15. Qxd3 dxc4 16. bxc4 b6 17. Nc3 Bb7 18. Ne5 Rfd8 19. f4 Nd7 20. Qe2 f6 21. Nb5 Qb8 22. Ng4 a6 23. Nc3 Qc7 24. f5 exf5 25. Rxf5 Rac8 26. c5 bxc5 27. d5 Nf8 28. Rb1 Rb8 29. e4 Bc8 30. Rff1 Rxb1 31. Rxb1 Qf4 32. Ne3 Ng6 33. g3 Qe5 34. Rc1 Bh3 35. Qf2 Qd4 36. Nf5 Bxf5 37. exf5 Ne5 38. Kg2 Ng4 39. Qf4 Qxf4 40. gxf4 Ne3+ 41. Kf3 Nxf5 42. Ne4 Rxd5 43. Nxc5 a5 44. Nb7 Rb5 45. Rc8+ Kh7 46. Rc7 Nd4+ 47. Ke4 Ne6 48. Re7 Rxb7 49. Rxe6 Ra7 50. Kf5 a4 51. Re2 a3 52. Ra2 Ra5+ 53. Kg4 Kg6 54. f5+ Rxf5 55. Rxa3 Rb5 56. Kf4 Rb4+ 57. Kg3 Kg5 58. h4+ Rxh4 59. Ra7 g6 0-1


[Site "https://www.chess.com"]

[Event "Titled Tuesday Blitz May 9 Early 2023"]
[White "Horak, Martin"]
[Black "Avalos Parra, Joao"]
[WhiteFideId "367095"]
[BlackFideId "3402541"]
[WhiteElo "2091"]
[BlackElo "2173"]
[Result "0-1"]
[Round "10"]
[TimeControl "180+2"]
[Date "2023.05.09"]
[WhiteClock "0:00:00"]
[BlackClock "0:00:08"]

1. d4 d5 2. c4 e6 3. Nf3 Nf6 4. Nc3 Bb4 5. Qa4+ Nc6 6. Bg5 O-O 7. e3 h6 8. Bxf6 Qxf6 9. a3 Bxc3+ 10. bxc3 Ne7 11. Be2 Ng6 12. O-O c6 13. Rab1 e5 14. cxd5 cxd5 15. dxe5 Nxe5 16. Nxe5 Qxe5 17. Qd4 Qxd4 18. cxd4 b6 19. Rfc1 Bf5 20. Rb3 Rfc8 21. Rbc3 Rxc3 22. Rxc3 Rc8 23. Rxc8+ Bxc8 24. Kf1 Kf8 25. Ke1 Ke7 26. Kd2 Kd6 27. Kc3 Bd7 28. h4 g6 29. Bd3 Be8 30. Kb4 h5 31. Ba6 f6 32. Bc8 a5+ 33. Kc3 b5 34. g3 Kc7 35. Bh3 Kc6 36. Bf1 Kb6 37. Bd3 Kc6 38. f3 Kd6 39. Bc2 Kc6 40. e4 Kd6 41. Bd3 Kc6 42. e5 fxe5 43. dxe5 Kc5 44. f4 Bf7 45. f5 gxf5 46. Bxf5 d4+ 47. Kd3 Bc4+ 48. Kd2 b4 49. axb4+ axb4 50. Bg6 b3 51. Bxh5 Kb4 52. Bg6 Ka3 53. h5 d3 54. e6 b2 55. e7 b1=Q 56. e8=Q Qc2+ 57. Ke3 Qe2+ 58. Kf4 Qxe8 59. Bxe8 d2 60. h6 d1=Q 61. Bg6 Qd2+ 0-1


[Site "https://www.chess.com"]

[Event "Titled Tuesday Blitz May 9 Early 2023"]
[White "egorchess95"]
[Black "babbilator"]
[WhiteElo "2542"]
[BlackElo "2308"]
[Result "1-0"]
[Round "10"]
[TimeControl "180+2"]
[Date "2023.05.09"]
[WhiteClock "0:00:06"]
[BlackClock "0:00:00"]

1. e4 c5 2. Nf3 e6 3. d4 cxd4 4. Nxd4 Nc6 5. Nc3 Qc7 6. Be3 a6 7. a3 Nf6 8. Be2 d6 9. O-O Be7 10. f4 O-O 11. Qe1 Nxd4 12. Bxd4 e5 13. fxe5 dxe5 14. Qg3 Bc5 15. Bxc5 Qxc5+ 16. Kh1 Qe7 17. Rf2 Kh8 18. Raf1 Qd6 19. Qh4 Rg8 20. Rd1 Qe7 21. Qg5 h6 22. Qg3 b5 23. Nd5 Nxd5 24. Rxd5 f6 25. Qg6 Be6 26. Rd1 Rad8 27. Rdf1 Bf7 28. Qf5 Qc5 29. Bd3 Rd6 30. Qh3 Rgd8 31. Rf3 Be6 32. Qh4 Kh7 33. Rg3 Bg8 34. Qh5 Qc7 35. Qg6+ Kh8 36. Rh3 Bh7 37. Qg4 Rd4 38. Rg3 Qe7 39. h3 Rg8 40. Qh5 Bxe4 41. Bxe4 Rxe4 42. Qg6 Rf4 43. Rd1 Qe8 44. Qd3 Qf7 45. Qe2 Rf8 46. Rgd3 Rd4 47. Rxd4 exd4 48. Rxd4 Re8 49. Re4 Rxe4 50. Qxe4 Qd7 51. Qa8+ Kh7 52. Qe4+ Kg8 53. h4 Qf7 54. Kh2 f5 55. Qa8+ Kh7 56. Qf3 1-0


[Site "https://www.chess.com"]

[Event "Titled Tuesday Blitz May 9 Early 2023"]
[White "Zaragatski, Ilja"]
[Black "Yonal, Timur"]
[WhiteFideId "4655192"]
[BlackFideId "44115725"]
[WhiteElo "2460"]
[BlackElo "1966"]
[Result "0-1"]
[Round "10"]
[TimeControl "180+2"]
[Date "2023.05.09"]
[WhiteClock "0:00:02"]
[BlackClock "0:01:26"]

1. e4 c5 2. Nf3 d6 3. d4 cxd4 4. Nxd4 Nf6 5. Nc3 a6 6. f3 e5 7. Nb3 Be7 8. Be3 Be6 9. Qd2 Nbd7 10. O-O-O b5 11. g4 h6 12. Nd5 Bxd5 13. exd5 Rc8 14. Kb1 Qc7 15. Rc1 Nb6 16. h4 Nfxd5 17. Bf2 Nf4 18. Be3 Nc4 19. Bxc4 bxc4 20. Na5 c3 21. Qxc3 Qxc3 22. bxc3 Nd5 23. Bd2 Nxc3+ 24. Kb2 Na4+ 25. Ka1 Kd7 26. c4 Rb8 27. h5 e4 28. fxe4 Bf6+ 29. Bc3 Bxc3+ 30. Rxc3 Nxc3 31. Nb3 Nxe4 0-1


[Site "https://www.chess.com"]

[Event "Titled Tuesday Blitz May 9 Early 2023"]
[White "Howell, David W L"]
[Black "Nissinen, Niilo Man"]
[WhiteFideId "410608"]
[BlackFideId "30950767"]
[WhiteElo "2567"]
[BlackElo "1952"]
[Result "1/2-1/2"]
[Round "10"]
[TimeControl "180+2"]
[Date "2023.05.09"]
[WhiteClock "0:00:05"]
[BlackClock "0:00:04"]

1. d4 Nf6 2. c4 g6 3. Nc3 d5 4. Qa4+ c6 5. cxd5 Nxd5 6. Nf3 Bg7 7. Bg5 O-O 8. e3 h6 9. Bh4 g5 10. Bg3 Qb6 11. Qc2 Nd7 12. Be2 Nb4 13. Qd2 c5 14. O-O cxd4 15. exd4 Nf6 16. Bc4 Bf5 17. a3 Nc6 18. Rfe1 Na5 19. Ba2 e6 20. Be5 Nb3 21. Bxb3 Qxb3 22. h4 g4 23. Nh2 Nd5 24. Rac1 Nxc3 25. Rxc3 Qd5 26. Rc5 Qd7 27. Qf4 f6 28. Bc7 Rac8 29. Rec1 b6 30. R5c3 h5 31. Nf1 Kh7 32. Ng3 Bh6 33. Qxh6+ Kxh6 34. Bf4+ Kh7 35. Rc7 Rxc7 36. Rxc7 Rf7 37. Rxd7 Rxd7 38. Be3 Kg6 39. Ne2 Rc7 40. Nc3 Bd3 41. Kh2 Kf5 42. Kg3 e5 43. dxe5 fxe5 44. Kh2 b5 45. Kg1 a5 46. Bb6 Rxc3 47. bxc3 a4 48. g3 Ke4 49. Ba5 Bc4 50. Bb4 Kf3 51. Bd6 e4 52. Bc5 Ke2 53. Kg2 Kd3 54. Bb4 Ke2 55. Bc5 Kd3 56. Bb4 Ke2 57. Kg1 Kf3 58. Bc5 Ke2 59. Kg2 1/2-1/2


[Site "https://www.chess.com"]

[Event "Titled Tuesday Blitz May 9 Early 2023"]
[White "Kim, Sergey"]
[Black "Shvedova, Alexandra"]
[WhiteFideId "13700570"]
[BlackFideId "54154782"]
[WhiteElo "2590"]
[BlackElo "1973"]
[Result "0-1"]
[Round "10"]
[TimeControl "180+2"]
[Date "2023.05.09"]
[WhiteClock "0:00:06"]
[BlackClock "0:00:14"]

1. d4 Nf6 2. c4 e6 3. Nc3 Bb4 4. Qc2 O-O 5. a3 Bxc3+ 6. Qxc3 b6 7. Nf3 Bb7 8. g3 d6 9. Bg2 Nbd7 10. O-O Qe7 11. b3 h6 12. Bb2 Rac8 13. Rfe1 Ne4 14. Qc2 f5 15. Nh4 Qf7 16. Rad1 a5 17. f3 Nef6 18. d5 exd5 19. Nxf5 dxc4 20. bxc4 Rce8 21. e4 Ne5 22. Rc1 Ba6 23. Ne3 Qh5 24. Rf1 Nc6 25. f4 Qc5 26. Qf2 Nxe4 27. Bxe4 Rxe4 28. Nd5 Qxf2+ 29. Rxf2 Rf7 30. Rfc2 Nd4 31. Bxd4 Rxd4 32. Ne3 Rd3 33. Kf2 Rxa3 34. f5 g6 35. g4 Bc8 36. Rg1 Kf8 37. h4 Rb3 38. Re2 a4 39. Ra2 a3 40. Rga1 gxf5 41. g5 hxg5 42. hxg5 f4 43. Nd5 Rb2+ 44. Kf3 Rxa2 45. Rxa2 Be6 46. Rxa3 Bxd5+ 47. cxd5 Rf5 48. Kg4 Rxd5 49. Kxf4 Kf7 50. Rh3 Kg7 51. Rc3 Rc5 52. Re3 b5 53. Re7+ Kg6 54. Re6+ Kf7 55. Rf6+ Kg7 56. Re6 b4 57. Re8 b3 58. Rb8 Rc3 59. Kf5 Rf3+ 60. Kg4 Re3 61. Kf5 c5 62. Rb7+ Kf8 63. g6 Rf3+ 64. Ke6 c4 65. Kxd6 Kg8 66. Kd5 Rf4 67. Ke5 Rf2 68. Kd4 Rc2 69. Kd5 b2 70. Kd4 c3 71. Ke5 Rc1 72. Kf6 Rf1+ 0-1


[Site "https://www.chess.com"]

[Event "Titled Tuesday Blitz May 9 Early 2023"]
[White "Pourkashiyan, Atousa"]
[Black "Kleiman, Jake"]
[WhiteFideId "12502014"]
[BlackFideId "2020041"]
[WhiteElo "2228"]
[BlackElo "2586"]
[Result "0-1"]
[Round "10"]
[TimeControl "180+2"]
[Date "2023.05.09"]
[WhiteClock "0:00:00"]
[BlackClock "0:00:23"]

1. e4 e5 2. Nf3 Nc6 3. Bb5 a6 4. Ba4 Nf6 5. O-O b5 6. Bb3 Bc5 7. h3 O-O 8. Re1 d6 9. c3 Bb6 10. d4 h6 11. Be3 Rb8 12. Nbd2 Re8 13. a4 Bb7 14. d5 Bxe3 15. Rxe3 Ne7 16. Nh4 Kh7 17. Rg3 Bc8 18. axb5 axb5 19. Bc2 Rf8 20. Qf3 Ng6 21. Nf5 Rg8 22. Nf1 Nf4 23. N1e3 g6 24. Nh4 N6h5 25. Ng4 Qxh4 26. Ra7 Rb7 27. Ra1 Rf8 28. Qe3 Qg5 29. Rf3 Bxg4 30. hxg4 Qxg4 31. g3 Nh3+ 32. Kf1 Ng5 33. Bd1 Qh3+ 34. Ke1 Nxf3+ 35. Bxf3 f5 36. exf5 Qxf5 37. Ke2 Nf6 38. Rh1 g5 39. Kf1 e4 40. Be2 Ng4 41. f4 Nxe3+ 0-1


[Site "https://www.chess.com"]

[Event "Titled Tuesday Blitz May 9 Early 2023"]
[White "Ismagilov, Damir"]
[Black "Devaev, Alexander"]
[WhiteFideId "34199982"]
[BlackFideId "4169395"]
[WhiteElo "2143"]
[BlackElo "2172"]
[Result "1-0"]
[Round "10"]
[TimeControl "180+2"]
[Date "2023.05.09"]
[WhiteClock "0:00:55"]
[BlackClock "0:00:00"]

1. d4 Nf6 2. c4 e6 3. Nc3 Bb4 4. e3 c5 5. Bd3 cxd4 6. exd4 d5 7. cxd5 Nxd5 8. Ne2 Nc6 9. O-O O-O 10. a3 Be7 11. Nxd5 Qxd5 12. Be3 Bf6 13. Qc2 h6 14. Rad1 Rd8 15. Bh7+ Kh8 16. Be4 Qb5 17. Nc3 Qa5 18. d5 Ne5 19. b4 Qxa3 20. Nb5 Qxb4 21. Nc7 Rb8 22. Bxa7 exd5 23. Nxd5 Ra8 24. Nxb4 1-0


[Site "https://www.chess.com"]

[Event "Titled Tuesday Blitz May 9 Early 2023"]
[White "brm72"]
[Black "Martic, Ivan"]
[BlackFideId "929301"]
[WhiteElo "2572"]
[BlackElo "2360"]
[Result "0-1"]
[Round "10"]
[TimeControl "180+2"]
[Date "2023.05.09"]
[WhiteClock "0:00:00"]
[BlackClock "0:00:07"]

1. e4 d6 2. d4 Nf6 3. Nc3 e5 4. Nf3 Nbd7 5. Bc4 Be7 6. O-O O-O 7. h3 c6 8. a4 a5 9. Re1 h6 10. Bb3 exd4 11. Nxd4 Nc5 12. Bf4 Nxb3 13. Nxb3 Re8 14. Qd3 Be6 15. Nd4 Bd7 16. Rad1 Qb6 17. b3 Rad8 18. e5 dxe5 19. Bxe5 Nh7 20. Qg3 Bf8 21. Bc7 Rxe1+ 22. Rxe1 Qxd4 23. Bxd8 Bf5 24. Rd1 Qc5 25. Rd2 Bg6 26. Bc7 Ng5 27. h4 Ne6 28. Be5 h5 29. Kh2 Be7 30. f3 Qb4 31. f4 f6 32. Bb8 Bf5 33. Re2 Kf7 34. Qf3 Nd4 35. Rxe7+ Qxe7 36. Qf2 Nxc2 37. Ne2 Ne3 38. Ng3 Ng4+ 39. Kg1 Nxf2 40. Kxf2 Bg4 41. f5 Qb4 42. Bc7 Qxb3 43. Bxa5 Qc2+ 44. Kg1 Qxa4 45. Bc7 Qa1+ 46. Kh2 b5 47. Ne4 Qd4 48. Nd6+ Kg8 49. Ne8 b4 50. Bd6 Kf7 0-1


[Site "https://www.chess.com"]

[Event "Titled Tuesday Blitz May 9 Early 2023"]
[White "Toktomushev, Teimur"]
[Black "Gontcharov, Vladislav"]
[WhiteFideId "14176726"]
[BlackFideId "4123492"]
[WhiteElo "2116"]
[BlackElo "2420"]
[Result "0-1"]
[Round "10"]
[TimeControl "180+2"]
[Date "2023.05.09"]
[WhiteClock "0:00:00"]
[BlackClock "0:00:06"]

1. d4 Nf6 2. c4 e6 3. Nf3 c5 4. d5 exd5 5. cxd5 d6 6. Nc3 g6 7. Nd2 Nbd7 8. e4 Bg7 9. Be2 O-O 10. O-O Re8 11. Qc2 a6 12. a4 Qc7 13. h3 Rb8 14. Nc4 b5 15. axb5 axb5 16. Na5 c4 17. Nc6 Rb7 18. Ra7 Qb6 19. Be3 Nc5 20. Rfa1 Rxa7 21. Rxa7 Bb7 22. Ra1 Bxc6 23. dxc6 Qxc6 24. Bf3 Qb6 25. Rd1 b4 26. Na4 Qb5 27. Nxc5 dxc5 28. Be2 Nxe4 29. Bxc4 Qb6 30. Rd7 Nd6 31. Qb3 Rf8 32. Bd5 Be5 33. Qc2 Qb5 34. Re7 Bd4 35. Bxd4 cxd4 36. Qb3 Qc5 37. Rd7 h5 38. Kh2 Qc1 39. g3 Qd2 40. Kg2 Nf5 41. Be4 Ne3+ 42. Kh1 Qe1+ 43. Kh2 Qxf2+ 44. Kh1 Qxg3 45. Qd3 Qxh3+ 46. Kg1 Qg3+ 47. Kh1 Kg7 48. Qxd4+ Kg8 49. Qd3 h4 50. Re7 Rc8 0-1


[Site "https://www.chess.com"]

[Event "Titled Tuesday Blitz May 9 Early 2023"]
[White "Al-Tarboush, Ward"]
[Black "Manukian, Artak"]
[WhiteFideId "7601450"]
[BlackFideId "13301373"]
[WhiteElo "2265"]
[BlackElo "2130"]
[Result "1-0"]
[Round "10"]
[TimeControl "180+2"]
[Date "2023.05.09"]
[WhiteClock "0:01:46"]
[BlackClock "0:00:00"]

1. Nc3 c5 2. e4 Nc6 3. Nf3 g6 4. Bb5 Nd4 5. Bd3 Bg7 6. O-O d6 7. Nxd4 cxd4 8. Ne2 Nf6 9. b3 O-O 10. Bb2 e5 11. c3 dxc3 12. dxc3 Be6 13. c4 Nd7 14. Nc3 Nc5 15. Nd5 Bxd5 16. cxd5 a5 17. Qe2 f5 18. Rac1 f4 19. f3 Qb6 20. Bb5 Nd3+ 21. Kh1 Nxc1 22. Rxc1 Rac8 23. Bc4 Bf6 24. a4 Kg7 25. Ba3 Be7 26. Rc2 h5 27. h3 g5 28. Bb5 Rxc2 29. Qxc2 Qd8 30. Qe2 Qc8 31. Qc4 Qxc4 32. bxc4 Kf6 33. Kg1 Rg8 34. Kf2 g4 35. hxg4 hxg4 36. Bd7 g3+ 37. Kf1 Rh8 38. Bh3 Bf8 39. Bb2 Ke7 40. Bc3 b6 41. Ke2 Kd8 42. c5 bxc5 43. Bxa5+ Ke8 44. Bb6 Be7 45. Bc7 Kf7 46. a5 Ra8 47. Bd7 Bd8 48. Bxd6 Rxa5 49. Bxe5 Ra2+ 50. Kf1 Rf2+ 51. Kg1 Rc2 52. Kf1 Rf2+ 53. Kg1 Rd2 54. Kf1 Ba5 55. Be6+ Ke7 56. Bxf4 Rd1+ 57. Ke2 Re1+ 58. Kd3 Rg1 59. Bxg3 Rxg2 60. Bh4+ Kd6 61. f4 Rg4 62. e5+ Kc7 63. d6+ Kc6 64. Bxg4 1-0


[Site "https://www.chess.com"]

[Event "Titled Tuesday Blitz May 9 Early 2023"]
[White "Gutkin, Ilya"]
[Black "Garv Gaur"]
[WhiteFideId "16203470"]
[BlackFideId "45030839"]
[WhiteElo "2265"]
[BlackElo "2068"]
[Result "1-0"]
[Round "10"]
[TimeControl "180+2"]
[Date "2023.05.09"]
[WhiteClock "0:01:19"]
[BlackClock "0:01:03"]

1. e4 Nc6 2. d4 d6 3. Nf3 g6 4. d5 Nb8 5. c4 Bg7 6. Nc3 e5 7. dxe6 Bxe6 8. h3 Nd7 9. Nd4 Nc5 10. Nxe6 Nxe6 11. Be3 Ne7 12. Qd2 O-O 13. Bd3 Nc6 14. O-O Ne5 15. f4 Nxd3 16. Qxd3 Nc5 17. Qc2 Re8 18. e5 Nd7 19. Rad1 dxe5 20. f5 c6 21. Ne4 Qe7 22. f6 Bxf6 23. Rxd7 1-0


[Site "https://www.chess.com"]

[Event "Titled Tuesday Blitz May 9 Early 2023"]
[White "Reprintsev, Alexander"]
[Black "Koridze, Lile"]
[WhiteFideId "14100541"]
[BlackFideId "13612514"]
[WhiteElo "2218"]
[BlackElo "2047"]
[Result "1-0"]
[Round "10"]
[TimeControl "180+2"]
[Date "2023.05.09"]
[WhiteClock "0:02:05"]
[BlackClock "0:02:23"]

1. e4 c5 2. b3 d6 3. Bb2 Nf6 4. Bxf6 exf6 5. Bd3 g6 6. f4 Bg7 7. f5 O-O 8. Nc3 Nc6 9. Nf3 Re8 10. O-O Ne5 11. h3 Nxd3 12. cxd3 gxf5 13. Nh4 fxe4 14. dxe4 b6 15. Qh5 Re5 16. Nf5 Bxf5 17. Rxf5 Qe8 18. Raf1 Rd8 19. d3 Qe6 20. Nd5 b5 21. R1f3 h6 22. Qg4 Kh7 23. Rg3 Rg8 24. Nxf6+ 1-0


[Site "https://www.chess.com"]

[Event "Titled Tuesday Blitz May 9 Early 2023"]
[White "Titichoca Daza, Daniel"]
[Black "Brunner, Nicolas"]
[WhiteFideId "3309550"]
[BlackFideId "620246"]
[WhiteElo "2101"]
[BlackElo "2327"]
[Result "1-0"]
[Round "10"]
[TimeControl "180+2"]
[Date "2023.05.09"]
[WhiteClock "0:01:04"]
[BlackClock "0:00:10"]

1. e4 e5 2. Nf3 Nf6 3. Nxe5 d6 4. Nd3 Nxe4 5. Qe2 Qe7 6. Nf4 c6 7. Nc3 Nf6 8. d4 Qxe2+ 9. Bxe2 Bf5 10. O-O Nbd7 11. Bd3 Bxd3 12. Nxd3 O-O-O 13. Re1 d5 14. Bf4 Nh5 15. Bd2 Bd6 16. a4 Rde8 17. Ne2 g6 18. b3 Re6 19. Ndf4 Nxf4 20. Nxf4 Bxf4 21. Bxf4 Rhe8 22. Rxe6 Rxe6 23. Kf1 Re4 24. Be3 f5 25. Re1 f4 26. Bd2 Rxd4 27. Re8+ Kc7 28. Ke2 g5 29. f3 Rxd2+ 30. Kxd2 Kd6 31. a5 Nf6 32. Rb8 Kc7 33. Rf8 Nd7 34. Rf7 Kd6 35. Rxh7 a6 36. Rh6+ Ke5 37. Rh7 Ke6 38. h4 gxh4 39. Rxh4 Ke5 40. Rh7 Ke6 41. Kc3 c5 42. b4 cxb4+ 43. Kxb4 Kd6 44. Rxd7+ Kxd7 45. Kc5 Ke6 46. Kb6 Ke5 47. Kxb7 Kd4 48. Kxa6 Kc3 49. Kb5 d4 50. a6 Kxc2 51. a7 d3 52. a8=Q d2 53. Qd5 d1=Q 54. Qxd1+ Kxd1 55. Kc4 Ke2 56. Kd4 Kf2 57. Ke4 Kg3 58. Kf5 Kxg2 59. Kxf4 Kh3 60. Kg5 1-0


[Site "https://www.chess.com"]

[Event "Titled Tuesday Blitz May 9 Early 2023"]
[White "Vivas Zamora, Fabian Ernesto"]
[Black "Sreyas Payyappat"]
[WhiteFideId "3902480"]
[BlackFideId "46674969"]
[WhiteElo "2244"]
[BlackElo "2043"]
[Result "1-0"]
[Round "10"]
[TimeControl "180+2"]
[Date "2023.05.09"]
[WhiteClock "0:00:18"]
[BlackClock "0:00:16"]

1. c4 c5 2. Nf3 Nf6 3. Nc3 Nc6 4. d4 cxd4 5. Nxd4 e6 6. g3 Qb6 7. Ndb5 d5 8. Bf4 e5 9. cxd5 exf4 10. dxc6 Qxc6 11. Qd4 Be6 12. Bg2 Qxg2 13. Nc7+ Ke7 14. O-O-O Qc6 15. Qb4+ 1-0


[Site "https://www.chess.com"]

[Event "Titled Tuesday Blitz May 9 Early 2023"]
[White "ArtemDyachuk"]
[Black "Goswami, Vedant"]
[BlackFideId "5003725"]
[WhiteElo "2530"]
[BlackElo "2011"]
[Result "1-0"]
[Round "10"]
[TimeControl "180+2"]
[Date "2023.05.09"]
[WhiteClock "0:00:06"]
[BlackClock "0:00:15"]

1. c4 a6 2. Nc3 e6 3. e4 c5 4. Nf3 Nc6 5. g3 d6 6. Bg2 e5 7. O-O Nf6 8. d3 Be7 9. Nh4 O-O 10. Nf5 Rb8 11. Bg5 Nd4 12. Nxe7+ Qxe7 13. Nd5 Qd8 14. f4 Nxd5 15. Bxd8 Ne3 16. Qc1 Ne2+ 17. Kf2 Nxc1 18. Kxe3 Rxd8 19. Raxc1 b5 20. cxb5 Rxb5 21. b3 f6 22. f5 Bd7 23. g4 a5 24. Rc4 Rb4 25. Rfc1 Rdb8 26. h4 h6 27. Bf3 Rxc4 28. dxc4 Kf7 29. Bd1 Ke7 30. Kd3 Bc6 31. Bc2 a4 32. bxa4 Rb4 33. Kc3 Bxa4 34. a3 Bxc2 35. axb4 Bxe4 36. b5 d5 37. Ra1 d4+ 38. Kd2 Bf3 39. Ra7+ Kd6 40. Rxg7 e4 41. Rg8 e3+ 42. Ke1 Ke5 43. Rd8 Kf4 44. b6 Kxg4 45. Rd5 Bxd5 46. cxd5 Kf3 47. b7 d3 48. b8=Q d2+ 49. Kd1 Ke4 50. Qh2 Kd3 51. Qe2+ Kd4 52. d6 c4 53. d7 c3 54. d8=Q+ 1-0


[Site "https://www.chess.com"]

[Event "Titled Tuesday Blitz May 9 Early 2023"]
[White "Makhmudov, Shukhrat"]
[Black "Moore, Nicholas"]
[WhiteFideId "14200775"]
[BlackFideId "4303709"]
[WhiteElo "2135"]
[BlackElo "2521"]
[Result "1-0"]
[Round "10"]
[TimeControl "180+2"]
[Date "2023.05.09"]
[WhiteClock "0:00:22"]
[BlackClock "0:00:47"]

1. e4 c5 2. Nf3 e6 3. d4 cxd4 4. Nxd4 Nc6 5. Nc3 Qc7 6. Nxc6 bxc6 7. Bd3 d5 8. O-O Nf6 9. Re1 Bd6 10. h3 a6 11. Bg5 O-O 12. Bxf6 gxf6 13. Qh5 Bh2+ 14. Kh1 d4 15. Ne2 Rd8 16. g3 c5 17. b3 Bxg3 18. Rg1 Kf8 19. Rxg3 Ke7 20. Rg7 Rf8 21. f4 Bb7 22. Kg1 a5 23. a4 Rad8 24. Kf2 Qb6 25. Rag1 c4 26. bxc4 Bxe4 27. c5 Qb4 28. Bxe4 Qd2 29. Qf3 f5 30. Bd3 Rd5 31. Rxh7 Rxc5 32. Rgg7 Rc3 33. Qb7+ Kd6 34. Rxf7 Rxf7 35. Rxf7 Qe3+ 36. Ke1 Ra3 37. Rd7+ Kc5 38. Qb5# 1-0


[Site "https://www.chess.com"]

[Event "Titled Tuesday Blitz May 9 Early 2023"]
[White "Rosenberg, Evan S"]
[Black "Namitbir Singh Walia"]
[WhiteFideId "2019299"]
[BlackFideId "35071068"]
[WhiteElo "2282"]
[BlackElo "2239"]
[Result "1-0"]
[Round "10"]
[TimeControl "180+2"]
[Date "2023.05.09"]
[WhiteClock "0:00:30"]
[BlackClock "0:00:20"]

1. d4 Nf6 2. Nf3 c5 3. d5 d6 4. Nc3 e6 5. e4 exd5 6. exd5 g6 7. Bb5+ Bd7 8. a4 Bg7 9. O-O O-O 10. h3 Bxb5 11. axb5 Nbd7 12. Bf4 Nb6 13. Re1 Qd7 14. Nd2 Nfxd5 15. Nxd5 Nxd5 16. Bg3 Bxb2 17. Nc4 Bxa1 18. Qxa1 Rfe8 19. Rd1 Nb6 20. Nxd6 Re6 21. Nf5 Re1+ 22. Rxe1 Qxf5 23. Re7 Qd5 24. Qf6 Nd7 25. Rxd7 Qxd7 26. Be5 Kf8 27. Qh8+ Ke7 28. Qxa8 Qxb5 29. Qxa7 Ke6 30. Bg3 h5 31. Qa2+ c4 32. c3 Qb3 33. Qe2+ Kd7 34. Qe5 b5 35. Qd6+ Ke8 36. Be5 Qb1+ 37. Kh2 Qf5 38. Bf6 Qd7 39. Qb8+ 1-0


[Site "https://www.chess.com"]